 Dungeon Crawl Stone Soup version 0.23.1 (webtiles) character file.

Game seed: 12612935171716324930

561 Borgoz the Sneak (level 7, 0/56 HPs)
             Began as a Ghoul Enchanter on Mar 3, 2019.
             Was an Initiate of Ashenzari.
             Slain by a wight
             ... wielding a cursed +5 scimitar
              (5 damage)
             ... on level 6 of the Dungeon.
             The game lasted 00:06:37 (5139 turns).

Borgoz the Sneak (Ghoul Enchanter)                  Turns: 5139, Time: 00:06:38

Health: 0/56       AC:  3    Str: 12    XL:     7   Next: 31%
Magic:  9/9        EV: 19    Int: 10    God:    Ashenzari [......]
Gold:   310        SH:  0    Dex: 16    Spells: 10/11 levels left

rFire    . . .     SeeInvis .   j - +2 dagger (speed)
rCold    + . .     Gourm    .   (no shield)
rNeg     + + +     Faith    .   b - +0 robe
rPois    ∞         Spirit   .   l - +0 helmet
rElec    .         Reflect  .   (no cloak)
rCorr    .         Harm     .   (no gloves)
MR       .....                  (no boots)
Stlth    ++++......             (no amulet)
HPRegen  0.00/turn              (no ring)
MPRegen  0.11/turn              (no ring)

@: agile, rotting
A: rotting body, claws 1, carnivore, cold resistance 1, negative energy
resistance 3, inhibited regeneration, torment resistance, unbreathing
a: Curse Item, Renounce Religion


You were on level 6 of the Dungeon.
You worshipped Ashenzari.
Ashenzari was noncommittal.
You were not hungry.

You visited 2 branches of the dungeon, and saw 7 of its levels.

You collected 310 gold pieces.

Inventory:

Hand Weapons
 j - a +2 dagger of speed (weapon)
Missiles
 p - 37 poisoned needles
 C - 7 curare-tipped needles
Armour
 b - a +0 robe (worn)
 l - a +0 helmet (worn)
Jewellery
 y - an uncursed amulet of regeneration
 z - an uncursed ring of flight
Wands
 B - a wand of flame (12)
Scrolls
 c - 3 scrolls of identify {unknown}
 f - 8 scrolls of remove curse
 g - a scroll of noise {unknown}
 i - 4 scrolls of teleportation {unknown}
 k - 3 scrolls of random uselessness {unknown}
 m - 2 scrolls of fog {unknown}
 n - a scroll of magic mapping {unknown}
 o - a scroll of enchant weapon {unknown}
 r - 3 scrolls of amnesia {unknown}
 w - a scroll of fear {unknown}
 A - a scroll of enchant armour {unknown}
 E - a scroll of blinking {unknown}
 G - a scroll of torment {unknown}
Potions
 a - a potion of agility
 e - a potion of curing
 h - 2 potions of flight
 q - 2 potions of resistance {unknown}
 s - a potion of ambrosia {unknown}
 t - 2 potions of mutation {unknown}
 u - a potion of haste {unknown}
 v - 2 potions of heal wounds
 x - a potion of brilliance {unknown}
 D - a potion of invisibility {unknown}
 F - a potion of cancellation {unknown}
Comestibles
 d - 13 rations


   Skills:
 + Level 2.4 Fighting
 * Level 3.2 Short Blades
 + Level 1.9 Armour
 * Level 3.6 Dodging
 + Level 4.5 Stealth
 + Level 2.6 Spellcasting
 + Level 3.1 Hexes


You had 10 spell levels left.
You knew the following spells:

 Your Spells              Type           Power        Failure   Level  Hunger
a - Corona                Hex            #......      8%          1    ##.....

Your spell library contained the following spells:

 Spells                   Type           Power        Failure   Level  Hunger
 Ensorcelled Hibernation  Hex/Ice        #.....       24%         2    ###....
 Confuse                  Hex            #.......     24%         3    ####...
 Tukima's Dance           Hex            #.......     24%         3    ####...
 Dazzling Spray           Conj/Hex       #.....       43%         3    ####...


Dungeon Overview and Level Annotations

Branches:
Dungeon (6/15)             Temple (1/1) D:5

Altars:
Ashenzari
Cheibriados
Elyvilon
Fedhas
Hepliaklqana
Kikubaaqudgha
Makhleb
Nemelex Xobeh
Okawaru
Qazlal
Ru
Sif Muna
Trog
Uskayaw
Vehumet
Wu Jian
Xom
Yredelemnul
Zin
The Shining One

Annotations:
D:3 2 runed translucent doors, Santreim's ghost, amateur DrAK


Innate Abilities, Weirdness & Mutations

Your body is rotting away.
You thrive on raw meat.
You are immune to poison.
You have sharp fingernails.
You are carnivorous and can eat meat at any time.
Your flesh is cold resistant. (rC+)
You are immune to negative energy. (rN+++)
You do not regenerate when monsters are visible.
You are immune to unholy pain and torment.
You can survive without breathing.


Message History

The wight misses you.
You hit the wight.
The wight is severely damaged.
You hit the wight but do no damage.
The wight is severely damaged.
The wight closely misses you.
You hit the wight.
The wight is almost destroyed.
You hit the wight but do no damage.
The wight is almost destroyed.
You hit the wight but do no damage.
The wight is almost destroyed.
The wight hits you with a cursed +5 scimitar!
* * * LOW HITPOINT WARNING * * *
You hit the wight.
The wight is almost destroyed.
You hit the wight but do no damage.
The wight is almost destroyed.
The wight hits you with a cursed +5 scimitar.
You die...

.#.#.#.#########
#.#.#.#.........#
..#...##........# ##
..#..###........# #.#....#
#÷.#......# ##.##..###<..#.....#
#.#.#...##.........# #.##.##
#.........# #. #.###@#
#.........### #... #.# ##z#
#............ #... #.#
#.##............ #...####
#.########.........#.. #......#
##...#.#....#####...##.
.......####...##.#.#..####..#<##.
..........................#.#.###
...........##.#.#.#.#.#.#.###..#
...........##...........).###..##


You could see a wight.

Vanquished Creatures
  A scorpion (D:6)
  A howler monkey (D:6)
  A hound (D:4)
  2 orc wizards (D:3)
  2 orc priests
  2 bullfrog skeletons
  An iguana (D:4)
  3 worker ants
  A statue (D:5)
  6 adders
  2 oozes
  An adder zombie (D:6)
  2 dart slugs
  A leopard gecko (D:6)
  16 orcs
  4 bats
  4 giant cockroaches
  8 goblins
  3 hobgoblins (D:1)
  10 jackals
  3 kobolds
  A quokka (D:3)
  A ball python (D:1)
  2 frilled lizards
  A giant cockroach zombie (D:6)
  7 rats
86 creatures vanquished.

Notes
Turn   | Place    | Note
-------+----------+-------------------------------------------
     0 | D:1      | Borgoz the Ghoul Enchanter began the quest for the Orb.
     0 | D:1      | Reached XP level 1. HP: 14/14 MP: 2/2
    73 | D:1      | Reached skill level 1 in Short Blades
   154 | D:1      | Reached XP level 2. HP: 8/20 MP: 3/3
  1354 | D:2      | Reached XP level 3. HP: 27/27 MP: 4/4
  1454 | D:2      | Found a burning altar of Makhleb.
  1454 | D:2      | Noticed an Executioner
  1455 | D:2      | Found a glowing silver altar of Zin.
  1455 | D:2      | Noticed an angel
  2168 | D:3      | Reached XP level 4. HP: 25/34 MP: 5/5
  2299 | D:3      | Reached skill level 1 in Fighting
  2391 | D:3      | Reached skill level 1 in Armour
  2391 | D:3      | Reached XP level 5. HP: 21/40 MP: 5/7
  2406 | D:3      | Noticed Santreim's ghost (amateur DrAK)
  2407 | D:3      | Found a large runed translucent door.
  2407 | D:3      | Found a large runed translucent door.
  2504 | D:3      | Found a faded altar of an unknown god.
  2929 | D:3      | Reached skill level 4 in Stealth
  3257 | D:4      | Reached XP level 6. HP: 7/48 MP: 8/8
  3782 | D:4      | Found a bloodstained altar of Trog.
  4137 | D:5      | Entered Level 5 of the Dungeon
  4223 | D:5      | Found a basalt altar of Yredelemnul.
  4364 | D:5      | Found a staircase to the Ecumenical Temple.
  4387 | Temple   | Entered the Ecumenical Temple
  4434 | Temple   | Became a worshipper of Ashenzari the Shackled
  4601 | D:5      | Found a radiant altar of Vehumet.
  4643 | D:5      | Reached XP level 7. HP: 31/55 MP: 9/9
  4905 | D:6      | Found a hide-covered altar of Uskayaw.
  5022 | D:6      | Found a white marble altar of Elyvilon.
  5139 | D:6      | Slain by a wight

Skill      XL: |  1  2  3  4  5  6 |
---------------+-------------------+-----
Short Blades   | 1 2 3 |  3.2
Dodging        | 2 3 |  3.6
Spellcasting   | 2 |  2.6
Fighting       | 1 2 |  2.4
Armour         | 1 |  1.9
Stealth        | 4 |  4.5
Hexes          | 3 |  3.1

Action                   |  1- 3 |  4- 6 |  7- 9 || total
-------------------------+-------+-------+-------++-------
Melee: Dagger            |   137 |   347 |    73 ||   557
  Use: Potion            |       |     3 |     2 ||     5
 Stab: Sleeping          |     3 |     4 |     3 ||    10
  Eat: Chunk             |     6 |    32 |     5 ||    43
Armor: Robe              |    20 |    28 |     4 ||    52
Dodge: Dodged            |    58 |   109 |    24 ||   191
